 Dungeon Crawl Stone Soup version 0.27.0-66-gdc8fb28755 (webtiles) character file.

Game seed: 341662722384657602

2197 robertstho the Grappler (level 9, -7/74 HPs)
             Began as a Ghoul Gladiator on Aug 19, 2021.
             Was an Initiate of Gozag.
             Mangled by a white ugly thing (9 damage)
             ... on level 8 of the Dungeon.
             The game lasted 00:08:15 (6421 turns).

robertstho the Grappler (Ghoul Gladiator)           Turns: 6421, Time: 00:08:15

Health: -7/74      AC:  8    Str: 20    XL:     9   Next: 34%
Magic:  8/8        EV: 11    Int:  4    God:    Gozag
Gold:   136        SH:  0    Dex: 10    Spells: 8/8 levels left

rFire    + . .     SeeInvis +     - Unarmed
rCold    + . .     Faith    .   (no shield)
rNeg     + + +     Spirit   .   a - +0 scale mail {rF+}
rPois    ∞         Reflect  .   b - +0 helmet
rElec    .         Harm     .   (no cloak)
rCorr    .         Rampage  .   (no gloves)
Will     .....                  (no boots)
Stlth    ..........             (no amulet)
HPRegen  0.00/turn              e - ring of see invisible
MPRegen  0.11/turn              o - ring of wizardry

@: inhibited regen
A: claws 1, cold resistance 1, negative energy resistance 3, inhibited
regeneration, torment resistance 2
a: Renounce Religion, Potion Petition, Call Merchant, Bribe Branch


You were on level 8 of the Dungeon.
You worshipped Gozag.
Gozag was aware of your devotion.
You visited 2 branches of the dungeon, and saw 9 of its levels.

You collected 342 gold pieces.
You spent 132 gold pieces at shops.
You paid 74 gold pieces to Gozag.

Inventory:

Missiles
 c - 3 throwing nets (quivered)
Armour
 a - a +0 scale mail of fire resistance (worn)
 b - a +0 helmet (worn)
Jewellery
 e - a ring of see invisible (left claw)
 o - a ring of wizardry (right claw)
Potions
 h - 2 potions of flight


   Skills:
 * Level 5.4 Fighting
 + Level 1.8 Throwing
 + Level 4.0 Armour
 + Level 3.8 Dodging
 + Level 0.9 Stealth
 * Level 10.9 Unarmed Combat


You had 8 spell levels left.
You didn't know any spells.
Your spell library contained the following spells:

 Spells                   Type           Power      Damage    Failure   Level
 Magic Dart               Conj           0%         1d3       52%         1
 Searing Ray              Conj           0%         3d3       65%         2
 Inner Flame              Hex/Fire       0%         N/A       86%         3
 Cause Fear               Hex            0%         N/A       99%         4
 Fulminant Prism          Conj/Hex       0%         3d6       99%         4
 Discord                  Hex            0%         N/A       100%        8


Dungeon Overview and Level Annotations

Branches:
Dungeon (8/15)             Temple (1/1) D:6
   Lair: D:8-11

Altars:
Cheibriados
Dithmenos
Elyvilon
Gozag
Kikubaaqudgha
Qazlal
Sif Muna
Trog
Uskayaw
Vehumet
Xom
Yredelemnul

Shops:
D:5 !


Innate Abilities, Weirdness & Mutations

You thrive by killing the living.
You are immune to poison.
You have sharp fingernails.
Your flesh is cold resistant. (rC+)
You are immune to negative energy. (rN+++)
You do not regenerate when monsters are visible.
You are immune to unholy pain and torment.


Message History

The bullfrog hits you but does no damage.
The bullfrog hits you but does no damage.
The bullfrog closely misses you.
Found a potion of curing.
An ice beast comes into view.
Found 11 gold pieces.
The bullfrog hits you.
* * * LOW HITPOINT WARNING * * *
There is a stone staircase leading down here.
The white ugly thing bites you!
* * * LOW HITPOINT WARNING * * *
The white ugly thing freezes you! You resist.
* * * LOW HITPOINT WARNING * * *
You climb downwards.
Found a stone staircase leading up.
There is a stone staircase leading up here.
Okay, then.
Okay, then.
You barely miss the white ugly thing.
The white ugly thing is lightly wounded.
You scratch the white ugly thing.
The white ugly thing is lightly wounded.
The white ugly thing bites you but does no damage.
You closely miss the white ugly thing.
The white ugly thing is lightly wounded.
The white ugly thing closely misses you.
You claw the white ugly thing!
The white ugly thing is moderately wounded.
The white ugly thing bites you but does no damage.
Okay, then.
You scratch the white ugly thing.
The white ugly thing is heavily wounded.
The white ugly thing completely misses you.
You mangle the white ugly thing!!
The white ugly thing is severely wounded.
You claw the white ugly thing!
The white ugly thing is almost dead.
The white ugly thing bites you!
You die...
Your body crumbles into a pile of gold.

<....
...
...
...
##.##
...
#u#
#@#
###


You could see a white ugly thing.

Vanquished Creatures
  An acid dragon (D:6)
  An ice beast (D:5)
  A black bear (D:6)
  An orc warrior (D:6)
  An ogre (D:5)
  3 phantoms
  3 centaurs (D:5)
  2 bullfrogs (D:6)
  A wyvern zombie (D:6)
  A water moccasin zombie (D:5)
  A scorpion (D:5)
  2 water moccasin skeletons (D:5)
  3 wights (D:6)
  2 howler monkeys (D:5)
  2 centaur zombies
  5 hounds
  An orc priest (D:5)
  A jelly (D:6)
  A gnoll shaman (D:6)
  3 orc wizards
  A killer bee zombie (D:6)
  A howler monkey skeleton (D:4)
  6 adders
  9 gnolls
  An adder skeleton (D:5)
  3 worms
  9 orcs
  11 endoplasms
  7 giant cockroaches
  5 goblins
  4 jackals
  5 quokkas
  5 ball pythons
  11 bats
  2 frilled lizards
  9 kobolds
  5 rats
130 creatures vanquished.

Vanquished Creatures (others)
  An adder (D:4)
1 creature vanquished.

Grand Total: 131 creatures vanquished

Notes
Turn   | Place    | Note
-------+----------+-------------------------------------------
     0 | D:1      | robertstho the Ghoul Gladiator began the quest for the Orb.
     0 | D:1      | Reached XP level 1. HP: 17/17 MP: 0/0
    82 | D:1      | Reached XP level 2. HP: 25/25 MP: 1/1
   308 | D:1      | Reached skill level 4 in Unarmed Combat
   391 | D:1      | Found a faded altar of an unknown god.
   471 | D:1      | Reached XP level 3. HP: 30/30 MP: 2/2
  1245 | D:3      | Reached XP level 4. HP: 37/37 MP: 3/3
  1322 | D:3      | Reached skill level 5 in Unarmed Combat
  1796 | D:4      | Reached XP level 5. HP: 42/42 MP: 4/4
  1818 | D:4      | Found a radiant altar of Vehumet.
  2096 | D:5      | Entered Level 5 of the Dungeon
  2114 | D:5      | Noticed an ice beast
  2119 | D:5      | Reached skill level 6 in Unarmed Combat
  2134 | D:5      | Killed an ice beast
  2135 | D:5      | Reached skill level 1 in Armour
  2135 | D:5      | Reached XP level 6. HP: 20/50 MP: 5/5
  2484 | D:5      | Reached skill level 7 in Unarmed Combat
  2591 | D:5      | Reached XP level 7. HP: 47/58 MP: 6/6
  2925 | D:5      | Reached skill level 8 in Unarmed Combat
  3258 | D:5      | Found Kiboekel's Distillery.
  3268 | D:5      | Bought a potion of curing for 36 gold pieces
  3268 | D:5      | Bought a potion of heal wounds for 60 gold pieces
  3268 | D:5      | Bought a potion of curing for 36 gold pieces
  3613 | D:5      | Reached XP level 8. HP: 63/66 MP: 7/7
  3962 | D:5      | Reached skill level 9 in Unarmed Combat
  4658 | D:6      | Reached skill level 5 in Fighting
  4664 | D:6      | Reached skill level 10 in Unarmed Combat
  4891 | D:6      | Found a staircase to the Ecumenical Temple.
  4977 | Temple   | Entered the Ecumenical Temple
  5020 | Temple   | Became a worshipper of Gozag Ym Sagoz the Greedy
  5048 | D:6      | Reached XP level 9. HP: 53/74 MP: 8/8
  6376 | D:7      | Noticed a white ugly thing
  6413 | D:7      | HP: 2/74 [white ugly thing (12)]
  6421 | D:8      | Mangled by a white ugly thing

Illustrated notes

Levels and vault maps discovered:
D:1:      minmay_arrival_four_circles, layout_loops_ring,
          chequers_ecumenical_altar_simple
D:2:      layout_rooms
D:3:      layout_rooms
D:4:      layout_rooms, fiery_altar_vehumet, chequers_serial_rivers_micro_a
D:5:      minmay_clustersquares, layout_loops_ring, gup_sewer_entry_pipe,
          serial_shops, nicolae_lakefront_shop
D:6:      layout_loops_corners, temple_fountains
D:7:      layout_basic, uniq_crazy_yiuf_cottage
D:8:      layout_basic, dpeg_lair_monsters,
          ploomutoo_gammafunk_ghost_potion_laboratory, chequers_garden
Temple:   grunt_wide_crystal_templ

Skill      XL: |  1  2  3  4  5  6  7  8  9 |
---------------+----------------------------+-----
Unarmed Combat | 4 5 6 7 8 10 | 10.9
Dodging        | 3 |  3.8
Armour         | 1 2 3 4 |  4.0
Fighting       | 3 4 5 |  5.4
Throwing       | |  1.8
Stealth        | |  0.9

Action                   |  1- 3 |  4- 6 |  7- 9 || total
-------------------------+-------+-------+-------++-------
Melee: Unarmed           |    94 |   117 |   276 ||   487
       Punch             |       |     3 |    10 ||    13
  Use: Potion            |       |     2 |     9 ||    11
       Scroll            |       |     1 |     6 ||     7
Armor: Ring mail         |    29 |    58 |    53 ||   140
       Scale mail        |       |       |    43 ||    43
Dodge: Dodged            |    53 |    63 |   155 ||   271
